Oilers vs Kings

Created - 3 décembre 2017 at 22:24

Goals
1 2 3 T
Oilers 1 1 1 3
Kings 1 2 2 5
Shots
1 2 3 T
Oilers 12 6 10 28
Kings 12 12 12 36

1st period

1. Kings , Jonathan Toews 14 (Colton Sceviour 3) at 2:17
2. Oilers , Dominic Moore 1 (Brent Burns 19, Brad Marchand 26) at 19:44

Penalties :
Ryan Getzlaf (EDM) for Roughing (Minor) at 6:26, Alex Petrovic (EDM) for Elbowing (Minor) at 13:49

2nd period

3. Oilers , Jannik Hansen 11 (Marc-Edouard Vlasic 16, Matthew Nieto 2) at 3:40
4. Kings , Tomas Tatar 7 (Andrei Markov 21) at 10:25
5. Kings , Derek MacKenzie 2 (Austin Watson 6, Tomas Tatar 14) at 12:30

Penalties :
No Penalty

3rd period

6. Oilers , Ryan Getzlaf 14 (Justin Williams 13, Michael Grabner 8) at 5:44
7. Kings , Mikael Granlund 11 (Andrei Markov 22, Dan Hamhuis 9) at 9:59
8. Kings , Andrei Markov 6 (Joe Pavelski 23, Kevin Gravel 3) at 19:54 (Empty Net)

Penalties :
Andrei Markov (LOS) for Goalie Interference (Minor) at 17:28

Goalie Stats

Martin Jones (EDM), 31 saves from 35 shots - (0.886), L, 17-5-2, 59:07 minutes
Jacob Markstrom (LOS), 25 saves from 28 shots - (0.893), W, 3-3-0, 60:00 minutes

Players Stats for Oilers

Player Name              G  A  P  +/- PIM S  H  SB GA TA FO     MP     PP MP  PK MP  
------------------------------------------------------------------------------------
Aleksander Barkov        0  0  0  -1  0   3  0  1  0  0  11/20  19:10   0:34   1:50 
Alex Petrovic            0  0  0  -2  2   1  4  0  0  0  0/0    17:53   0:47   1:01 
Artem Anisimov           0  0  0   0  0   0  2  0  0  0  0/1    16:57   0:38   0:00 
Brad Marchand            0  1  1   0  0   4  2  0  0  0  0/1    22:25   0:34   0:00 
Brent Burns              0  1  1   0  0   1  3  4  0  0  0/0    21:56   0:34   0:37 
Brett Ritchie            0  0  0   1  0   0  1  0  0  0  0/0     6:13   0:00   0:00 
Brock McGinn             0  0  0   0  0   0  0  0  0  0  0/0     1:48   0:47   0:00 
Dominic Moore            1  0  1   1  0   2  1  0  0  0  11/16   8:21   0:00   2:08 
Francois Beauchemin      0  0  0   0  0   1  1  3  0  0  0/0    21:28   0:34   0:37 
Jannik Hansen            1  0  1  -1  0   5  0  1  0  0  0/0    16:50   0:47   2:08 
Justin Williams          0  1  1  -2  0   0  1  0  0  0  0/2    17:36   0:00   0:00 
Marc-Edouard Vlasic      0  1  1   0  0   0  0  1  0  0  0/0    20:17   0:38   2:20 
Martin Marincin          0  0  0  -2  0   1  0  1  0  0  0/0    17:54   0:47   1:01 
Matthew Nieto            0  1  1  -1  0   2  0  0  0  0  0/0    14:02   0:00   0:00 
Michael Grabner          0  1  1  -1  0   3  0  0  0  0  0/2    17:47   0:38   0:00 
Ron Hainsey              0  0  0   0  0   0  2  1  0  0  0/0    20:05   0:38   2:20 
Ryan Getzlaf             1  0  1  -1  2   4  0  0  0  0  9/16   18:29   1:21   0:00 
Ryan Johansen            0  0  0  -1  0   1  0  0  0  0  12/26  16:49   0:38   1:50 

Players Stats for Kings

Player Name              G  A  P  +/- PIM S  H  SB GA TA FO     MP     PP MP  PK MP  
------------------------------------------------------------------------------------
Andrei Markov            1  2  3   1  2   4  0  0  0  0  0/0    22:45   2:29   0:00 
Austin Watson            0  1  1   2  0   1  1  0  0  0  0/2    15:19   0:00   0:33 
Colton Sceviour          0  1  1   1  0   0  3  0  0  0  0/0    18:57   2:08   1:01 
Dan Hamhuis              0  1  1   0  0   1  4  1  0  0  0/0    23:40   2:29   1:26 
Daniel Sedin             0  0  0   1  0   1  1  0  0  0  2/3    17:56   2:08   0:00 
Derek MacKenzie          1  0  1   2  0   2  2  0  0  0  11/20  15:41   0:00   0:55 
Fedor Tyutin             0  0  0   2  0   0  4  1  0  0  0/0    19:26   1:29   0:00 
Joe Pavelski             0  1  1  -1  0   11 1  0  0  0  17/31  25:18   1:50   0:00 
Joel Armia               0  0  0   0  0   1  0  0  0  0  0/0     7:09   0:00   0:00 
Jonathan Toews           1  0  1   1  0   4  4  0  0  0  7/17   19:22   2:08   1:26 
Kevin Gravel             0  1  1   0  0   0  1  0  0  0  0/0    17:06   0:00   0:50 
Mark Stuart              0  0  0   2  0   0  0  1  0  0  0/0    19:31   1:29   0:00 
Mikael Granlund          1  0  1  -1  0   5  0  0  0  0  2/3    18:10   1:50   0:00 
Nikita Soshnikov         0  0  0   0  0   0  0  0  0  0  0/1     0:13   0:05   0:00 
Patrik Berglund          0  0  0  -1  0   1  2  0  0  0  0/1    17:58   1:45   0:00 
Stephen Johns            0  0  0  -1  0   3  1  1  0  0  0/0    16:58   0:00   1:09 
Tomas Tatar              1  1  2   2  0   1  0  0  0  0  0/1    14:46   0:00   0:00 
Zemgus Girgensons        0  0  0   0  0   1  0  0  0  0  2/5     7:45   0:00   0:36 

3 Stars

1 - Tomas Tatar (LOS)
2 - Andrei Markov (LOS)
3 - Derek MacKenzie (LOS)

Power Play

Oilers - 0 on 1 Attempt(s) - 0.00%
Kings - 0 on 2 Attempt(s) - 0.00%

Penalty Kill

Oilers - 2 on 2 Attempt(s) - 100.00% - Score 0 goal in Penalty Kill
Kings - 1 on 1 Attempt(s) - 100.00% - Score 0 goal in Penalty Kill

Team Stat

Oilers - Hits : 17 - Faceoff Wins : 43 - Blocked Shots : 12 - Penalty Minutes : 4
Kings - Hits : 24 - Faceoff Wins : 41 - Blocked Shots : 4 - Penalty Minutes : 2

Official

Referees : Justin StPierre and Greg Kimmerly
Linesman : Darren Gibbs and David Brisebois

Game Notes

Andrei Markov has scored in a empty net!

Finance

Level 1 -- Attendance: 5760 (88.62%) -- Ticket Income 576 000 $
Level 2 -- Attendance: 3347 (66.94%) -- Ticket Income 301 230 $
Level 3 -- Attendance: 2195 (62.71%) -- Ticket Income 153 650 $
Level 4 -- Attendance: 1342 (63.36%) -- Ticket Income 87 230 $
Luxury Box -- Attendance: 681 (68.10%) -- Ticket Income 187 275 $
Game was played at the Staples Center.
Total Attendance: 13325 (73.55%)
Total Ticket Income: 1 305 385 $
Other Income: 195 808 $
Total Income: 1 501 193 $

% Time on Ice - Oilers

Lines # - Real PCT - Wanted PCT - Time Play
Normal Forward
1 - 32% - 31% - 17:09
2 - 30% - 31% - 16:19
3 - 26% - 26% - 13:55
4 - 12% - 12% - 6:13
Normal Defense
1 - 38% - 37% - 20:23
2 - 32% - 33% - 17:07
3 - 30% - 30% - 16:06
4 - 0% - 0% - 0:00
PP Forward
1 - 68% - 60% - 1:21
2 - 32% - 40% - 0:38
PP Defense
1 - 29% - 60% - 0:34
2 - 71% - 40% - 1:25
PK Forward
1 - 54% - 50% - 2:08
2 - 46% - 50% - 1:50
PK Defense
1 - 26% - 50% - 1:01
2 - 74% - 50% - 2:57
PK3 Forward
1 - 0% - 50%
2 - 0% - 50%
PK3 Defense
1 - 0% - 50%
2 - 0% - 50%
44 Forward
1 - 0% - 50%
2 - 0% - 50%
44 Defense
1 - 0% - 50%
2 - 0% - 50%
Last Minute Offensive  - 0:27
Last Minute Defensive  - 0:00
Total
Forward - 60:00
Defense - 60:00

% Time on Ice - Kings

Lines # - Real PCT - Wanted PCT - Time Play
Normal Forward
1 - 30% - 40% - 15:53
2 - 29% - 30% - 15:48
3 - 28% - 20% - 14:46
4 - 13% - 10% - 7:09
Normal Defense
1 - 34% - 40% - 18:23
2 - 33% - 30% - 17:57
3 - 30% - 20% - 15:49
4 - 3% - 10% - 1:27
PP Forward
1 - 46% - 60% - 1:50
2 - 54% - 40% - 2:08
PP Defense
1 - 63% - 60% - 2:29
2 - 37% - 40% - 1:29
PK Forward
1 - 100% - 60% - 1:59
2 - 0% - 40% - 0:00
PK Defense
1 - 100% - 60% - 1:59
2 - 0% - 40% - 0:00
PK3 Forward
1 - 0% - 60%
2 - 0% - 40%
PK3 Defense
1 - 0% - 60%
2 - 0% - 40%
44 Forward
1 - 0% - 60%
2 - 0% - 40%
44 Defense
1 - 0% - 60%
2 - 0% - 40%
Last Minute Offensive  - 0:00
Last Minute Defensive  - 0:27
Total
Forward - 60:00
Defense - 60:00

Play by Play

1st period


0:01 of 1st period - Joe Pavelski wins face-off versus Michael Grabner in neutral zone.
0:14 of 1st period - Shot by Joe Pavelski.
0:14 of 1st period - Shot Misses the Net.
0:38 of 1st period - Shot by Patrik Berglund.
0:38 of 1st period - Shot Blocked by Brent Burns.
1:21 of 1st period - Shot by Aleksander Barkov.
1:21 of 1st period - Stopped by Jacob Markstrom without a rebound.
1:22 of 1st period - Ryan Johansen wins face-off versus Derek MacKenzie in Kings zone.
1:28 of 1st period - Matthew Nieto is hit by Kevin Gravel and loses puck.
2:17 of 1st period - Shot by Jonathan Toews.
2:17 of 1st period - Goal by Jonathan Toews - Oilers : 0 - Kings : 1.
2:18 of 1st period - Dominic Moore wins face-off versus Jonathan Toews in neutral zone.
2:23 of 1st period - Icing by Fedor Tyutin.
2:24 of 1st period - Dominic Moore wins face-off versus Jonathan Toews in Kings zone.
2:43 of 1st period - Shot by Brad Marchand.
2:43 of 1st period - Stopped by Jacob Markstrom without a rebound.
2:44 of 1st period - Ryan Getzlaf wins face-off versus Zemgus Girgensons in Kings zone.
2:44 of 1st period - Brent Burns is hit by Dan Hamhuis and loses puck.
2:57 of 1st period - Shot by Justin Williams.
2:57 of 1st period - Shot Misses the Net.
3:19 of 1st period - Shot by Justin Williams.
3:19 of 1st period - Shot Misses the Net.
3:21 of 1st period - Shot by Ryan Getzlaf.
3:21 of 1st period - Shot Misses the Net.
3:23 of 1st period - Shot by Francois Beauchemin.
3:23 of 1st period - Shot Misses the Net.
5:14 of 1st period - Shot by Austin Watson.
5:14 of 1st period - Stopped by Martin Jones without a rebound.
5:15 of 1st period - Joe Pavelski wins face-off versus Ryan Johansen in Oilers zone.
5:20 of 1st period - Icing by Alex Petrovic.
5:21 of 1st period - Ryan Johansen wins face-off versus Patrik Berglund in Oilers zone.
5:23 of 1st period - Icing by Matthew Nieto.
5:24 of 1st period - Ryan Johansen wins face-off versus Jonathan Toews in Oilers zone.
5:42 of 1st period - Shot by Ryan Johansen.
5:42 of 1st period - Deflect By Jannik Hansen.
5:42 of 1st period - Shot Blocked by Mark Stuart.
5:44 of 1st period - Shot by Alex Petrovic.
5:44 of 1st period - Stopped by Jacob Markstrom without a rebound.
5:45 of 1st period - Ryan Getzlaf wins face-off versus Derek MacKenzie in Kings zone.
5:55 of 1st period - Icing by Stephen Johns.
5:56 of 1st period - Ryan Johansen wins face-off versus Derek MacKenzie in Kings zone.
6:01 of 1st period - Shot by Ryan Johansen.
6:01 of 1st period - Stopped by Jacob Markstrom with a rebound.
6:03 of 1st period - Shot by Matthew Nieto.
6:03 of 1st period - Stopped by Jacob Markstrom without a rebound.
6:04 of 1st period - Joe Pavelski wins face-off versus Justin Williams in Kings zone.
6:26 of 1st period - Minor Penalty to Ryan Getzlaf for Roughing.
6:27 of 1st period - Jonathan Toews wins face-off versus Dominic Moore in Oilers zone.
6:34 of 1st period - Marc-Edouard Vlasic is hit by Jonathan Toews and loses puck.
7:43 of 1st period - Shot by Andrei Markov.
7:43 of 1st period - Stopped by Martin Jones without a rebound.
7:44 of 1st period - Daniel Sedin wins face-off versus Aleksander Barkov in Oilers zone.
8:42 of 1st period - Shot by Justin Williams.
8:42 of 1st period - Shot Misses the Net.
8:50 of 1st period - Shot by Michael Grabner.
8:50 of 1st period - Shot Hit the Post.
8:52 of 1st period - Shot by Francois Beauchemin.
8:52 of 1st period - Stopped by Jacob Markstrom without a rebound.
8:53 of 1st period - Joe Pavelski wins face-off versus Aleksander Barkov in Kings zone.
9:02 of 1st period - Shot by Joe Pavelski.
9:02 of 1st period - Stopped by Martin Jones without a rebound.
9:03 of 1st period - Ryan Johansen wins face-off versus Zemgus Girgensons in Oilers zone.
9:08 of 1st period - Shot by Joe Pavelski.
9:08 of 1st period - Stopped by Martin Jones with a rebound.
9:10 of 1st period - Shot by Joel Armia.
9:10 of 1st period - Stopped by Martin Jones without a rebound.
9:11 of 1st period - Joe Pavelski wins face-off versus Aleksander Barkov in Oilers zone.
9:21 of 1st period - Shot by Mikael Granlund.
9:21 of 1st period - Shot Misses the Net.
9:29 of 1st period - Shot by Joe Pavelski.
9:29 of 1st period - Shot Misses the Net.
9:39 of 1st period - Shot by Joe Pavelski.
9:39 of 1st period - Stopped by Martin Jones without a rebound.
9:40 of 1st period - Daniel Sedin wins face-off versus Ryan Johansen in Oilers zone.
9:40 of 1st period - Daniel Sedin is hit by Francois Beauchemin.
10:15 of 1st period - Shot by Jannik Hansen.
10:15 of 1st period - Stopped by Jacob Markstrom without a rebound.
10:16 of 1st period - Dominic Moore wins face-off versus Joe Pavelski in Kings zone.
10:34 of 1st period - Brad Marchand is hit by Fedor Tyutin and loses puck.
10:39 of 1st period - Shot by Brett Ritchie.
10:39 of 1st period - Shot Misses the Net.
11:26 of 1st period - Shot by Stephen Johns.
11:26 of 1st period - Stopped by Martin Jones without a rebound.
11:27 of 1st period - Ryan Johansen wins face-off versus Jonathan Toews in Oilers zone.
11:27 of 1st period - Ryan Johansen is hit by Daniel Sedin.
11:41 of 1st period - Shot by Jonathan Toews.
11:41 of 1st period - Stopped by Martin Jones without a rebound.
11:42 of 1st period - Aleksander Barkov wins face-off versus Derek MacKenzie in Oilers zone.
11:44 of 1st period - Brad Marchand is hit by Austin Watson and loses puck.
11:51 of 1st period - Andrei Markov is hit by Brad Marchand and loses puck.
12:14 of 1st period - Shot by Aleksander Barkov.
12:14 of 1st period - Stopped by Jacob Markstrom without a rebound.
12:15 of 1st period - Joe Pavelski wins face-off versus Michael Grabner in Kings zone.
12:33 of 1st period - Joe Pavelski is hit by Alex Petrovic.
12:38 of 1st period - Mikael Granlund is hit by Alex Petrovic and loses puck.
13:11 of 1st period - Colton Sceviour is hit by Alex Petrovic and loses puck.
13:49 of 1st period - Minor Penalty to Alex Petrovic for Elbowing.
13:50 of 1st period - Aleksander Barkov wins face-off versus Joe Pavelski in Oilers zone.
13:50 of 1st period - Aleksander Barkov is hit by Joe Pavelski.
14:00 of 1st period - Shot by Dan Hamhuis.
14:00 of 1st period - Stopped by Martin Jones without a rebound.
14:01 of 1st period - Aleksander Barkov wins face-off versus Joe Pavelski in Oilers zone.
14:24 of 1st period - Shot by Joe Pavelski.
14:24 of 1st period - Shot Blocked by Jannik Hansen.
15:04 of 1st period - Shot by Jonathan Toews.
15:04 of 1st period - Shot Hit the Post.
15:19 of 1st period - Off-side.
15:20 of 1st period - Dominic Moore wins face-off versus Joe Pavelski in neutral zone.
15:33 of 1st period - Shot by Joe Pavelski.
15:33 of 1st period - Stopped by Martin Jones without a rebound.
15:34 of 1st period - Dominic Moore wins face-off versus Jonathan Toews in Oilers zone.
15:47 of 1st period - Ron Hainsey is hit by Jonathan Toews and loses puck.
16:49 of 1st period - Off-side.
16:50 of 1st period - Mikael Granlund wins face-off versus Ryan Getzlaf in neutral zone.
16:52 of 1st period - Patrik Berglund is hit by Ron Hainsey and loses puck.
17:01 of 1st period - Shot by Joe Pavelski.
17:01 of 1st period - Shot Blocked by Marc-Edouard Vlasic.
17:03 of 1st period - Shot by Joe Pavelski.
17:03 of 1st period - Stopped by Martin Jones without a rebound.
17:04 of 1st period - Jonathan Toews wins face-off versus Ryan Johansen in Oilers zone.
17:18 of 1st period - Matthew Nieto is hit by Colton Sceviour and loses puck.
17:53 of 1st period - Icing by Ron Hainsey.
17:54 of 1st period - Joe Pavelski wins face-off versus Ryan Johansen in Oilers zone.
18:10 of 1st period - Icing by Ron Hainsey.
18:11 of 1st period - Ryan Johansen wins face-off versus Austin Watson in Oilers zone.
19:11 of 1st period - Icing by Derek MacKenzie.
19:12 of 1st period - Ryan Getzlaf wins face-off versus Derek MacKenzie in Kings zone.
19:12 of 1st period - Michael Grabner is hit by Stephen Johns and loses puck.
19:21 of 1st period - Shot by Ryan Getzlaf.
19:21 of 1st period - Stopped by Jacob Markstrom without a rebound.
19:22 of 1st period - Ryan Getzlaf wins face-off versus Joe Pavelski in Kings zone.
19:23 of 1st period - Shot by Michael Grabner.
19:23 of 1st period - Stopped by Jacob Markstrom without a rebound.
19:24 of 1st period - Ryan Getzlaf wins face-off versus Joe Pavelski in Kings zone.
19:38 of 1st period - Icing by Dan Hamhuis.
19:39 of 1st period - Dominic Moore wins face-off versus Joe Pavelski in Kings zone.
19:40 of 1st period - Shot by Brad Marchand.
19:40 of 1st period - Stopped by Jacob Markstrom with a rebound.
19:42 of 1st period - Shot by Brent Burns.
19:42 of 1st period - Shot Misses the Net.
19:44 of 1st period - Shot by Dominic Moore.
19:44 of 1st period - Goal by Dominic Moore - Oilers : 1 - Kings : 1.
19:45 of 1st period - Jonathan Toews wins face-off versus Dominic Moore in neutral zone.
19:51 of 1st period - Icing by Brent Burns.
19:52 of 1st period - Dominic Moore wins face-off versus Joe Pavelski in Oilers zone.
Goals for this period are 1 for Oilers vs 1 for Kings.
Shots for this period are 12 for Oilers vs 12 for Kings.

2nd period


0:01 of 2nd period - Aleksander Barkov wins face-off versus Joe Pavelski in neutral zone.
0:01 of 2nd period - Brad Marchand is hit by Patrik Berglund and loses puck.
0:28 of 2nd period - Shot by Mikael Granlund.
0:28 of 2nd period - Deflect By Joe Pavelski.
0:28 of 2nd period - Shot Blocked by Brent Burns.
1:00 of 2nd period - Shot by Jonathan Toews.
1:00 of 2nd period - Stopped by Martin Jones with a rebound.
1:02 of 2nd period - Shot by Daniel Sedin.
1:02 of 2nd period - Deflect By Jonathan Toews.
1:02 of 2nd period - Shot Blocked by Aleksander Barkov.
1:20 of 2nd period - Shot by Jonathan Toews.
1:20 of 2nd period - Shot Blocked by Francois Beauchemin.
1:48 of 2nd period - Shot by Derek MacKenzie.
1:48 of 2nd period - Shot Misses the Net.
1:50 of 2nd period - Shot by Stephen Johns.
1:50 of 2nd period - Stopped by Martin Jones with a rebound.
2:32 of 2nd period - Shot by Joe Pavelski.
2:32 of 2nd period - Stopped by Martin Jones without a rebound.
2:33 of 2nd period - Ryan Getzlaf wins face-off versus Daniel Sedin in Oilers zone.
3:40 of 2nd period - Shot by Jannik Hansen.
3:40 of 2nd period - Goal by Jannik Hansen - Oilers : 2 - Kings : 1.
3:41 of 2nd period - Derek MacKenzie wins face-off versus Ryan Johansen in neutral zone.
3:54 of 2nd period - Shot by Jannik Hansen.
3:54 of 2nd period - Shot Misses the Net.
3:56 of 2nd period - Shot by Ron Hainsey.
3:56 of 2nd period - Shot Blocked by Stephen Johns.
4:01 of 2nd period - Icing by Kevin Gravel.
4:02 of 2nd period - Derek MacKenzie wins face-off versus Ryan Getzlaf in Kings zone.
4:29 of 2nd period - Icing by Kevin Gravel.
4:30 of 2nd period - Derek MacKenzie wins face-off versus Dominic Moore in Kings zone.
4:30 of 2nd period - Derek MacKenzie is hit by Brett Ritchie.
5:17 of 2nd period - Shot by Joe Pavelski.
5:17 of 2nd period - Deflect By Mikael Granlund.
5:17 of 2nd period - Shot Misses the Net.
6:22 of 2nd period - Marc-Edouard Vlasic is hit by Jonathan Toews and loses puck.
6:51 of 2nd period - Shot by Joe Pavelski.
6:51 of 2nd period - Shot Misses the Net.
6:53 of 2nd period - Shot by Zemgus Girgensons.
6:53 of 2nd period - Stopped by Martin Jones with a rebound.
7:23 of 2nd period - Off-side.
7:24 of 2nd period - Ryan Johansen wins face-off versus Derek MacKenzie in neutral zone.
7:34 of 2nd period - Icing by Francois Beauchemin.
7:35 of 2nd period - Ryan Johansen wins face-off versus Derek MacKenzie in Oilers zone.
7:51 of 2nd period - Off-side.
7:52 of 2nd period - Joe Pavelski wins face-off versus Ryan Getzlaf in neutral zone.
8:27 of 2nd period - Shot by Ryan Getzlaf.
8:27 of 2nd period - Shot Misses the Net.
8:50 of 2nd period - Shot by Matthew Nieto.
8:50 of 2nd period - Stopped by Jacob Markstrom with a rebound.
8:52 of 2nd period - Shot by Jannik Hansen.
8:52 of 2nd period - Stopped by Jacob Markstrom without a rebound.
8:53 of 2nd period - Dominic Moore wins face-off versus Austin Watson in Kings zone.
9:07 of 2nd period - Icing by Marc-Edouard Vlasic.
9:08 of 2nd period - Jonathan Toews wins face-off versus Brad Marchand in Oilers zone.
9:35 of 2nd period - Colton Sceviour is hit by Dominic Moore and loses puck.
10:25 of 2nd period - Shot by Tomas Tatar.
10:25 of 2nd period - Goal by Tomas Tatar - Oilers : 2 - Kings : 2.
10:26 of 2nd period - Joe Pavelski wins face-off versus Ryan Johansen in neutral zone.
10:31 of 2nd period - Icing by Francois Beauchemin.
10:32 of 2nd period - Joe Pavelski wins face-off versus Ryan Johansen in Oilers zone.
10:44 of 2nd period - Icing by Brent Burns.
10:45 of 2nd period - Zemgus Girgensons wins face-off versus Ryan Johansen in Oilers zone.
10:45 of 2nd period - Joe Pavelski is hit by Brent Burns and loses puck.
11:12 of 2nd period - Shot by Joe Pavelski.
11:12 of 2nd period - Stopped by Martin Jones without a rebound.
11:13 of 2nd period - Jonathan Toews wins face-off versus Ryan Getzlaf in Oilers zone.
11:39 of 2nd period - Justin Williams is hit by Dan Hamhuis and loses puck.
11:48 of 2nd period - Shot by Michael Grabner.
11:48 of 2nd period - Stopped by Jacob Markstrom without a rebound.
11:49 of 2nd period - Aleksander Barkov wins face-off versus Joe Pavelski in Kings zone.
12:06 of 2nd period - Shot by Mikael Granlund.
12:06 of 2nd period - Shot Misses the Net.
12:08 of 2nd period - Shot by Patrik Berglund.
12:08 of 2nd period - Shot Misses the Net.
12:16 of 2nd period - Shot by Patrik Berglund.
12:16 of 2nd period - Stopped by Martin Jones without a rebound.
12:17 of 2nd period - Derek MacKenzie wins face-off versus Ryan Johansen in Oilers zone.
12:28 of 2nd period - Shot by Derek MacKenzie.
12:28 of 2nd period - Shot Misses the Net.
12:30 of 2nd period - Shot by Derek MacKenzie.
12:30 of 2nd period - Goal by Derek MacKenzie - Oilers : 2 - Kings : 3.
12:31 of 2nd period - Ryan Getzlaf wins face-off versus Jonathan Toews in neutral zone.
12:53 of 2nd period - Shot by Michael Grabner.
12:53 of 2nd period - Stopped by Jacob Markstrom with a rebound.
12:57 of 2nd period - Shot by Ryan Getzlaf.
12:57 of 2nd period - Stopped by Jacob Markstrom without a rebound.
12:58 of 2nd period - Joe Pavelski wins face-off versus Aleksander Barkov in Kings zone.
12:58 of 2nd period - Joe Pavelski is hit by Brad Marchand.
13:09 of 2nd period - Off-side.
13:10 of 2nd period - Derek MacKenzie wins face-off versus Ryan Johansen in neutral zone.
13:57 of 2nd period - Off-side.
13:58 of 2nd period - Joe Pavelski wins face-off versus Aleksander Barkov in neutral zone.
14:10 of 2nd period - Dan Hamhuis is hit by Artem Anisimov and loses puck.
14:57 of 2nd period - Aleksander Barkov is hit by Colton Sceviour and loses puck.
15:06 of 2nd period - Shot by Daniel Sedin.
15:06 of 2nd period - Shot Misses the Net.
15:37 of 2nd period - Tomas Tatar is hit by Alex Petrovic and loses puck.
15:50 of 2nd period - Shot by Michael Grabner.
15:50 of 2nd period - Shot Misses the Net.
17:35 of 2nd period - Shot by Dominic Moore.
17:35 of 2nd period - Shot Misses the Net.
17:45 of 2nd period - Shot by Mikael Granlund.
17:45 of 2nd period - Shot Misses the Net.
17:47 of 2nd period - Shot by Mikael Granlund.
17:47 of 2nd period - Shot Blocked by Ron Hainsey.
17:49 of 2nd period - Shot by Joe Pavelski.
17:49 of 2nd period - Shot Misses the Net.
17:51 of 2nd period - Shot by Mikael Granlund.
17:51 of 2nd period - Stopped by Martin Jones with a rebound.
17:53 of 2nd period - Shot by Andrei Markov.
17:53 of 2nd period - Stopped by Martin Jones with a rebound.
17:55 of 2nd period - Shot by Mikael Granlund.
17:55 of 2nd period - Stopped by Martin Jones with a rebound.
18:34 of 2nd period - Shot by Jonathan Toews.
18:34 of 2nd period - Shot Misses the Net.
18:36 of 2nd period - Shot by Jonathan Toews.
18:36 of 2nd period - Stopped by Martin Jones with a rebound.
18:38 of 2nd period - Shot by Mark Stuart.
18:38 of 2nd period - Shot Blocked by Martin Marincin.
19:43 of 2nd period - Icing by Marc-Edouard Vlasic.
19:44 of 2nd period - Jonathan Toews wins face-off versus Aleksander Barkov in Oilers zone.
19:53 of 2nd period - Shot by Jonathan Toews.
19:53 of 2nd period - Deflect By Daniel Sedin.
19:53 of 2nd period - Shot Misses the Net.
19:58 of 2nd period - Off-side.
19:59 of 2nd period - Aleksander Barkov wins face-off versus Nikita Soshnikov in neutral zone.
Goals for this period are 1 for Oilers vs 2 for Kings.
Shots for this period are 6 for Oilers vs 12 for Kings.

3rd period


0:01 of 3rd period - Joe Pavelski wins face-off versus Ryan Getzlaf in neutral zone.
0:06 of 3rd period - Shot by Patrik Berglund.
0:06 of 3rd period - Shot Misses the Net.
0:08 of 3rd period - Shot by Mikael Granlund.
0:08 of 3rd period - Shot Misses the Net.
0:10 of 3rd period - Shot by Mikael Granlund.
0:10 of 3rd period - Shot Misses the Net.
0:12 of 3rd period - Shot by Mikael Granlund.
0:12 of 3rd period - Deflect By Joe Pavelski.
0:12 of 3rd period - Stopped by Martin Jones without a rebound.
0:13 of 3rd period - Aleksander Barkov wins face-off versus Jonathan Toews in Oilers zone.
0:13 of 3rd period - Aleksander Barkov is hit by Colton Sceviour.
0:29 of 3rd period - Shot by Aleksander Barkov.
0:29 of 3rd period - Stopped by Jacob Markstrom without a rebound.
0:30 of 3rd period - Ryan Getzlaf wins face-off versus Joe Pavelski in Kings zone.
0:49 of 3rd period - Shot by Joe Pavelski.
0:49 of 3rd period - Shot Misses the Net.
0:53 of 3rd period - Shot by Mikael Granlund.
0:53 of 3rd period - Stopped by Martin Jones without a rebound.
0:54 of 3rd period - Aleksander Barkov wins face-off versus Jonathan Toews in Oilers zone.
1:16 of 3rd period - Shot by Daniel Sedin.
1:16 of 3rd period - Shot Blocked by Francois Beauchemin.
1:22 of 3rd period - Shot by Brent Burns.
1:22 of 3rd period - Stopped by Jacob Markstrom with a rebound.
1:24 of 3rd period - Shot by Francois Beauchemin.
1:24 of 3rd period - Shot Misses the Net.
1:58 of 3rd period - Shot by Matthew Nieto.
1:58 of 3rd period - Deflect By Ryan Johansen.
1:58 of 3rd period - Shot Misses the Net.
2:43 of 3rd period - Michael Grabner is hit by Fedor Tyutin and loses puck.
3:14 of 3rd period - Icing by Brent Burns.
3:15 of 3rd period - Dominic Moore wins face-off versus Joe Pavelski in Oilers zone.
3:22 of 3rd period - Shot by Brent Burns.
3:22 of 3rd period - Shot Misses the Net.
3:32 of 3rd period - Shot by Mikael Granlund.
3:32 of 3rd period - Stopped by Martin Jones without a rebound.
3:33 of 3rd period - Ryan Johansen wins face-off versus Derek MacKenzie in Oilers zone.
3:55 of 3rd period - Derek MacKenzie is hit by Ron Hainsey and loses puck.
4:04 of 3rd period - Shot by Jannik Hansen.
4:04 of 3rd period - Stopped by Jacob Markstrom without a rebound.
4:05 of 3rd period - Joe Pavelski wins face-off versus Aleksander Barkov in Kings zone.
4:05 of 3rd period - Joe Pavelski is hit by Artem Anisimov.
4:21 of 3rd period - Shot by Joe Pavelski.
4:21 of 3rd period - Stopped by Martin Jones without a rebound.
4:22 of 3rd period - Zemgus Girgensons wins face-off versus Justin Williams in Oilers zone.
4:22 of 3rd period - Zemgus Girgensons is hit by Brent Burns.
4:36 of 3rd period - Shot by Joe Pavelski.
4:36 of 3rd period - Deflect By Joel Armia.
4:36 of 3rd period - Shot Misses the Net.
4:38 of 3rd period - Shot by Dan Hamhuis.
4:38 of 3rd period - Shot Blocked by Brent Burns.
4:40 of 3rd period - Shot by Zemgus Girgensons.
4:40 of 3rd period - Deflect By Joe Pavelski.
4:40 of 3rd period - Shot Misses the Net.
4:42 of 3rd period - Shot by Andrei Markov.
4:42 of 3rd period - Stopped by Martin Jones without a rebound.
4:43 of 3rd period - Aleksander Barkov wins face-off versus Derek MacKenzie in Oilers zone.
4:43 of 3rd period - Artem Anisimov is hit by Derek MacKenzie and loses puck.
4:56 of 3rd period - Shot by Aleksander Barkov.
4:56 of 3rd period - Shot Misses the Net.
4:58 of 3rd period - Shot by Martin Marincin.
4:58 of 3rd period - Stopped by Jacob Markstrom without a rebound.
4:59 of 3rd period - Joe Pavelski wins face-off versus Ryan Johansen in Kings zone.
5:04 of 3rd period - Shot by Mikael Granlund.
5:04 of 3rd period - Shot Blocked by Brent Burns.
5:06 of 3rd period - Shot by Joe Pavelski.
5:06 of 3rd period - Stopped by Martin Jones with a rebound.
5:08 of 3rd period - Shot by Joe Pavelski.
5:08 of 3rd period - Stopped by Martin Jones without a rebound.
5:09 of 3rd period - Ryan Getzlaf wins face-off versus Joe Pavelski in Oilers zone.
5:42 of 3rd period - Shot by Justin Williams.
5:42 of 3rd period - Shot Misses the Net.
5:44 of 3rd period - Shot by Ryan Getzlaf.
5:44 of 3rd period - Goal by Ryan Getzlaf - Oilers : 3 - Kings : 3.
5:45 of 3rd period - Derek MacKenzie wins face-off versus Aleksander Barkov in neutral zone.
6:11 of 3rd period - Tomas Tatar is hit by Brent Burns and loses puck.
6:33 of 3rd period - Off-side.
6:34 of 3rd period - Ryan Johansen wins face-off versus Zemgus Girgensons in neutral zone.
6:45 of 3rd period - Shot by Ryan Johansen.
6:45 of 3rd period - Shot Misses the Net.
7:15 of 3rd period - Icing by Fedor Tyutin.
7:16 of 3rd period - Joe Pavelski wins face-off versus Ryan Getzlaf in Kings zone.
7:37 of 3rd period - Shot by Ryan Getzlaf.
7:37 of 3rd period - Shot Misses the Net.
9:59 of 3rd period - Shot by Mikael Granlund.
9:59 of 3rd period - Goal by Mikael Granlund - Oilers : 3 - Kings : 4.
10:00 of 3rd period - Dominic Moore wins face-off versus Jonathan Toews in neutral zone.
10:05 of 3rd period - Shot by Dominic Moore.
10:05 of 3rd period - Stopped by Jacob Markstrom with a rebound.
10:19 of 3rd period - Shot by Daniel Sedin.
10:19 of 3rd period - Stopped by Martin Jones without a rebound.
10:20 of 3rd period - Ryan Johansen wins face-off versus Mikael Granlund in Oilers zone.
10:29 of 3rd period - Shot by Jannik Hansen.
10:29 of 3rd period - Stopped by Jacob Markstrom without a rebound.
10:30 of 3rd period - Aleksander Barkov wins face-off versus Tomas Tatar in Kings zone.
10:31 of 3rd period - Shot by Brad Marchand.
10:31 of 3rd period - Stopped by Jacob Markstrom without a rebound.
10:32 of 3rd period - Derek MacKenzie wins face-off versus Ryan Getzlaf in Kings zone.
10:37 of 3rd period - Martin Marincin is hit by Derek MacKenzie and loses puck.
10:45 of 3rd period - Michael Grabner is hit by Fedor Tyutin and loses puck.
10:50 of 3rd period - Shot by Justin Williams.
10:50 of 3rd period - Shot Misses the Net.
10:52 of 3rd period - Shot by Ryan Getzlaf.
10:52 of 3rd period - Stopped by Jacob Markstrom without a rebound.
10:53 of 3rd period - Aleksander Barkov wins face-off versus Joe Pavelski in Kings zone.
11:12 of 3rd period - Brent Burns is hit by Patrik Berglund and loses puck.
13:18 of 3rd period - Ryan Getzlaf is hit by Dan Hamhuis and loses puck.
13:34 of 3rd period - Andrei Markov is hit by Justin Williams and loses puck.
14:00 of 3rd period - Shot by Brad Marchand.
14:00 of 3rd period - Shot Misses the Net.
14:10 of 3rd period - Shot by Artem Anisimov.
14:10 of 3rd period - Shot Blocked by Dan Hamhuis.
14:15 of 3rd period - Brad Marchand is hit by Dan Hamhuis and loses puck.
14:18 of 3rd period - Shot by Brad Marchand.
14:18 of 3rd period - Stopped by Jacob Markstrom without a rebound.
14:19 of 3rd period - Jonathan Toews wins face-off versus Ryan Johansen in Kings zone.
14:26 of 3rd period - Shot by Daniel Sedin.
14:26 of 3rd period - Shot Blocked by Francois Beauchemin.
14:28 of 3rd period - Shot by Stephen Johns.
14:28 of 3rd period - Stopped by Martin Jones without a rebound.
14:29 of 3rd period - Derek MacKenzie wins face-off versus Dominic Moore in Oilers zone.
14:48 of 3rd period - Icing by Francois Beauchemin.
14:49 of 3rd period - Dominic Moore wins face-off versus Jonathan Toews in Oilers zone.
15:00 of 3rd period - Shot by Brad Marchand.
15:00 of 3rd period - Shot Hit the Post.
15:27 of 3rd period - Brad Marchand is hit by Jonathan Toews and loses puck.
15:35 of 3rd period - Icing by Brent Burns.
15:36 of 3rd period - Derek MacKenzie wins face-off versus Dominic Moore in Oilers zone.
15:39 of 3rd period - Shot by Tomas Tatar.
15:39 of 3rd period - Shot Misses the Net.
15:41 of 3rd period - Shot by Derek MacKenzie.
15:41 of 3rd period - Stopped by Martin Jones without a rebound.
15:42 of 3rd period - Joe Pavelski wins face-off versus Ryan Johansen in Oilers zone.
16:53 of 3rd period - Shot by Artem Anisimov.
16:53 of 3rd period - Shot Blocked by Fedor Tyutin.
17:04 of 3rd period - Brent Burns is hit by Fedor Tyutin and loses puck.
17:28 of 3rd period - Minor Penalty to Andrei Markov for Goalie Interference.
17:29 of 3rd period - Derek MacKenzie wins face-off versus Artem Anisimov in Kings zone.
19:01 of 3rd period - Oilers, Martin Jones is pulled from the net.
19:19 of 3rd period - Shot by Dan Hamhuis.
19:19 of 3rd period - Shot Misses the Net.
19:34 of 3rd period - Off-side.
19:35 of 3rd period - Mikael Granlund wins face-off versus Aleksander Barkov in neutral zone.
19:54 of 3rd period - Shot by Andrei Markov.
19:54 of 3rd period - Goal by Andrei Markov - Oilers : 3 - Kings : 5.
19:54 of 3rd period - Martin Jones from Oilers was sent back in the game.
19:55 of 3rd period - Derek MacKenzie wins face-off versus Ryan Johansen in neutral zone.
19:58 of 3rd period - Shot by Tomas Tatar.
19:58 of 3rd period - Shot Misses the Net.
Goals for this period are 1 for Oilers vs 2 for Kings.
Shots for this period are 10 for Oilers vs 12 for Kings.